 Dungeon Sprint DCSS version 0.29-a0-338-g1ff7896281 (webtiles) character file.

Game seed: 1415241785687616014

11725 mhtbhm the Severer (level 11, -5/83 HPs)
             Began as a Gargoyle Berserker on Apr 17, 2022.
             Was the Champion of Trog.
             Slain by a flayed ghost (12 damage)
             ... in the Dungeon (Sprint VII: "The Pits").
             The game lasted 00:03:31 (2319 turns).

mhtbhm the Severer (Gargoyle Berserker)             Turns: 2319, Time: 00:03:31

Health: -5/83      AC: 28    Str: 29    XL:     11   Next: 82%
Magic:  11/11      EV: 11    Int:  7    God:    Trog [******]
Gold:   0          SH:  0    Dex:  9    Spells: 10/10 levels left

rFire   . . .      SeeInvis .   o - +3 war axe (flame)
rCold   . . .      Faith    .   (no shield)
rNeg    + . .      Spirit   .   b - +4 chain mail
rPois   ∞          Reflect  .   (no helmet)
rElec   +          Harm     .   (no cloak)
rCorr   .          Rampage  .   (no gloves)
Will    .....      NoTele   +   (no boots)
Stlth   ..........              (no amulet)
HPRegen 0.23/turn               l - +3 ring of strength
MPRegen 0.12/turn               m - +3 ring of protection

@: on berserk cooldown, slowed, very slow
A: sickness immunity, AC +8, negative energy resistance 1, electricity
resistance, torment resistance 1, petrification resistance
a: Renounce Religion, Berserk, Trog's Hand, Brothers in Arms


You were in the Dungeon.
You worshipped Trog.
Trog was exalted by your worship.
You visited 1 branch

Inventory:

Hand Weapons
 a - a +6 executioner's axe of flaming
 o - a +3 war axe of flaming (weapon)
Missiles
 k - 4 poisoned darts (quivered)
Armour
 b - a +4 chain mail (worn)
Jewellery
 l - a +3 ring of strength (left hand)
 m - a +3 ring of protection (right hand)
Scrolls
 h - a scroll of blinking
Potions
 c - 9 potions of curing
 d - 2 potions of heal wounds
 e - a potion of haste
 f - 4 potions of magic
 g - 5 potions of berserk rage
 i - 2 potions of invisibility
 n - 3 potions of resistance


   Skills:
 + Level 15.7 Fighting
 + Level 17.9 Axes
 + Level 15.3 Armour
 + Level 7.8 Dodging
 + Level 2.0 Stealth


You had 10 spell levels left.
You didn't know any spells.
Your spell library was empty.

Dungeon Overview and Level Annotations

Branches:
Dungeon (1/1)

Altars:
Gozag
Hepliaklqana
Sif Muna
Trog
Jiyva


Innate Abilities, Weirdness & Mutations

You are immune to sickness and miasma.
Your stone body is resilient. (AC +8)
You are immune to poison.
You resist negative energy. (rN+)
You are resistant to electric shocks. (rElec)
You are resistant to unholy torment.
You are immune to petrification.


Message History

The flayed ghost is moderately damaged.
The flayed ghost hits you!
* * * LOW HITPOINT WARNING * * *
The gnoll sergeant hits you but does no damage.
Unknown command.
Unknown command.
You barely miss the flayed ghost.
The flayed ghost is moderately damaged.
You slash the flayed ghost! You burn the flayed ghost.
The flayed ghost is heavily damaged.
The gnoll closely misses you. The flayed ghost hits you.
* * * LOW HITPOINT WARNING * * *
The gnoll sergeant hits you from afar with a +4 spear of freezing!
* * * LOW HITPOINT WARNING * * *
The gnoll sergeant freezes you.
* * * LOW HITPOINT WARNING * * *
Unknown command.
You miss the flayed ghost.
The flayed ghost is heavily damaged.
You slash the gnoll! You burn the gnoll.
You kill the gnoll!
Trog accepts your kill.
Unknown command.
Unknown command.
You slice the flayed ghost!! You burn the flayed ghost.
The flayed ghost is almost destroyed.
The flayed ghost hits you!
* * * LOW HITPOINT WARNING * * *
The gnoll barely misses you.
The gnoll sergeant hits you but does no damage.
Unknown command.
You see here a +1 vorpal executioner's axe.
You feel a strong urge to attack something.
You are no longer berserk.
You are exhausted.
You feel yourself slow down.
There is an open door here.
As you read the scroll of summoning, it crumbles to dust.
Wisps of shadow whirl around you... The flayed ghost hits you!
You die...

<...##...##.+[..+.## ...
....##..##..##'##..##...
....##..#..##...##..'...#
....##..#.)#.....#..#...#
######..'..'.....'..'...+
######..#.)#.....#g.#...#
..[[##..#..##...##xgg...#
..[[##..##..##'##W)#
..))##.†.##.+.†x@)##
.!))##....###.x.###
..))##......#...+
#################


You could see a flayed ghost (ally target), a gnoll sergeant, 2 gnolls and 3
friendly small abominations.

Vanquished Creatures
  An emperor scorpion (D)
  A war gargoyle (D)
  A deep elf death mage (D)
  An eidolon (D)
  A death knight (D)
  A shadow wraith (D)
  A sea snake (D)
  A flayed ghost (D)
  2 deep elf pyromancers (D)
  A wolf spider (D)
  Joseph (D)
  An elephant (D)
  A gargoyle (D)
  A black mamba (D)
  An orange demon (D)
  A rime drake (D)
  A demonic crawler (D)
  A freezing wraith (D)
  A yaktaur (shapeshifter) (D)
  A tyrant leech (D)
  A ynoxinul (D)
  A vampire (D)
  A flying skull (D)
  3 wraiths (D)
  2 basilisks (D)
  A fire bat (D)
  A redback (D)
  A steam dragon (D)
  3 vampire mosquitoes (D)
  An orc warrior (D)
  2 ice beasts (D)
  A black bear (D)
  A kobold brigand (D)
  A scorpion (D)
  An iron imp (D)
  2 orc priests (D)
  2 orc wizards (D)
  A mummy (D)
  6 gnolls (D)
  A river rat (D)
  An adder skeleton (D)
  A worm (D)
  7 orcs (D)
  2 hobgoblins (D)
  2 jackals (D)
  2 quokkas (D)
  A jackal zombie (D)
70 creatures vanquished.

Notes
Turn   | Place    | Note
-------+----------+-------------------------------------------
     0 | D        | mhtbhm the Gargoyle Berserker began the quest for the Orb.
     0 | D        | Reached XP level 1. HP: 14/14 MP: 1/1
    21 | D        | Reached skill level 3 in Axes
    60 | D        | Reached XP level 2. HP: 20/20 MP: 2/2
    60 | D        | Reached ** piety under Trog
   222 | D        | Reached skill level 4 in Axes
   236 | D        | Reached *** piety under Trog
   237 | D        | Reached skill level 5 in Fighting
   237 | D        | Reached XP level 3. HP: 24/26 MP: 3/3
   339 | D        | Found a bloodstained altar of Trog.
   339 | D        | Found a shimmering blue altar of Sif Muna.
   339 | D        | Found a viscous altar of Jiyva.
   339 | D        | Found a hazy altar of Hepliaklqana.
   339 | D        | Found an opulent altar of Gozag.
   364 | D        | Noticed a scorpion
   366 | D        | Noticed a kobold brigand
   367 | D        | Reached **** piety under Trog
   369 | D        | Reached skill level 5 in Axes
   369 | D        | Reached XP level 4. HP: 32/32 MP: 4/4
   370 | D        | Killed a scorpion
   371 | D        | Reached skill level 6 in Axes
   371 | D        | Reached XP level 5. HP: 37/37 MP: 5/5
   373 | D        | Reached ***** piety under Trog
   373 | D        | Noticed an orc warrior
   377 | D        | Reached skill level 7 in Axes
   378 | D        | Killed a kobold brigand
   379 | D        | Reached XP level 6. HP: 44/44 MP: 6/6
   382 | D        | Killed an orc warrior
   383 | D        | Reached skill level 9 in Axes
   383 | D        | Reached skill level 5 in Dodging
   392 | D        | Received a gift from Trog
   563 | D        | Noticed a fire bat
   568 | D        | Killed a fire bat
   569 | D        | Reached skill level 10 in Axes
   569 | D        | Reached skill level 5 in Armour
   569 | D        | Reached XP level 7. HP: 40/51 MP: 7/7
   634 | D        | Noticed a black mamba
   648 | D        | Killed a black mamba
   649 | D        | Reached skill level 11 in Axes
   779 | D        | Noticed a flying skull
   786 | D        | Reached XP level 8. HP: 54/57 MP: 8/8
   799 | D        | Killed a flying skull
   800 | D        | Reached skill level 10 in Fighting
   848 | D        | Noticed a flayed ghost
   848 | D        | Noticed an eidolon
   869 | D        | Killed an eidolon
   869 | D        | Reached ****** piety under Trog
   870 | D        | Reached skill level 12 in Axes
   870 | D        | Reached XP level 9. HP: 12/63 MP: 9/9
   880 | D        | Killed a flayed ghost
   881 | D        | Reached skill level 13 in Axes
   881 | D        | Reached skill level 1 in Stealth
   883 | D        | Received a gift from Trog
  1071 | D        | Noticed a deep elf pyromancer
  1080 | D        | Killed a deep elf pyromancer
  1081 | D        | Reached skill level 14 in Axes
  1081 | D        | Reached skill level 10 in Armour
  1191 | D        | Noticed a freezing wraith
  1191 | D        | Noticed a deep elf death mage
  1191 | D        | Noticed an elephant
  1197 | D        | Killed an elephant
  1204 | D        | Killed a deep elf death mage
  1204 | D        | Killed a ghostly elephant
  1205 | D        | Reached XP level 10. HP: 71/71 MP: 10/10
  1207 | D        | Reached skill level 15 in Axes
  1288 | D        | Received a gift from Trog
  1322 | D        | Noticed a wolf spider
  1331 | D        | Killed a wolf spider
  1537 | D        | Noticed an orange demon
  1537 | D        | Noticed a war gargoyle
  1544 | D        | Killed an orange demon
  1558 | D        | Killed a war gargoyle
  1559 | D        | Reached skill level 16 in Axes
  1857 | D        | Killed a shadow wraith
  1857 | D        | Received a gift from Trog
  1858 | D        | Reached XP level 11. HP: 57/79 MP: 11/11
  1957 | D        | Noticed a sea snake
  1971 | D        | Killed a sea snake
  1986 | D        | Noticed a deep elf pyromancer
  1986 | D        | Noticed Joseph
  1992 | D        | Killed a deep elf pyromancer
  2002 | D        | Killed Joseph
  2152 | D        | Received a gift from Trog
  2153 | D        | Reached skill level 17 in Axes
  2278 | D        | Received a gift from Trog
  2285 | D        | Noticed a flayed ghost
  2290 | D        | Noticed an emperor scorpion
  2290 | D        | Noticed a death knight
  2297 | D        | Reached skill level 15 in Fighting
  2303 | D        | Killed an emperor scorpion
  2304 | D        | Reached skill level 15 in Armour
  2307 | D        | Identified the +8 lajatang of Trog's Pride {vorpal, Stlth+}
                  | (Trog gifted it to you in the Dungeon)
  2307 | D        | Received a gift from Trog
  2310 | D        | Killed a death knight
  2319 | D        | Slain by a flayed ghost

Illustrated notes

Levels and vault maps discovered:
D:        pitsprint [storerooms_1, entrance_room_1, metal_vault_6, armoury_2,
          mini_pit_1, grid_room_1, main_hall_1, silver_pit, the_coven_1,
          the_vestibule_1, steel_vault_5, golden_pit, hallway_of_sentries,
          crystal_vault_4, iron_vault_2, final_vault]

Skill      XL: |  1  2  3  4  5  6  7  8  9 10 11 |
---------------+----------------------------------+-----
Axes           | 3 4 5 6 7 10 11 12 14 16 17 | 17.9
Fighting       | 4 5 6 7 9 10 12 13 15 | 15.7
Dodging        | 2 3 4 5 6 7 |  7.8
Armour         | 3 4 5 6 8 11 13 15 | 15.3
Stealth        | 1 2 |  2.0

Action                   |  1- 3 |  4- 6 |  7- 9 | 10-12 || total
-------------------------+-------+-------+-------+-------++-------
Melee: Hand axe          |    51 |    26 |    62 |       ||   139
       Punch             |     1 |       |     1 |     1 ||     3
       War axe           |       |       |    18 |   131 ||   149
Invok: Berserk           |     1 |       |     3 |     2 ||     6
  Use: Potion            |     1 |       |     3 |       ||     4
       Scroll            |       |       |       |     1 ||     1
Armor: Animal skin       |    11 |       |       |       ||    11
       Plate armour      |     3 |    14 |    25 |       ||    42
       Chain mail        |       |       |     9 |    84 ||    93
Dodge: Dodged            |    30 |     8 |    26 |    64 ||   128

Table legend: (Time is in decaauts)
 A = Elapsed time spent in this place.
 B = Non-inter-level travel time spent in this place.
 C = Inter-level travel time spent in this place.
 D = Time resting spent in this place.
 E = Time spent auto-exploring this place.
 F = Levels seen in this place.
 G = Mean time per level.
                   A        B        C        D        E       F      G
               +--------+--------+--------+--------+--------+-----+--------+
         Total |   2305 |   2305 |      0 |   1470 |     46 |   1 | 2305.0 |
       Dungeon |   2305 |   2305 |      0 |   1470 |     46 |   1 | 2305.0 |
               +--------+--------+--------+--------+--------+-----+--------+

Top non-repeatable levels by time:
       D: 2305 daAuts
